 Dungeon Sprint DCSS version 0.21.1-1-g345015f (webtiles) character file.

1353 tyranidshit the Fighter (level 8, -10/79 HPs)
             Began as a Demonspawn Abyssal Knight on July 26, 2018.
             Was a High Priest of Lugonu.
             Mangled by a komodo dragon (21 damage)
             ... in the Dungeon (Sprint IX: "|||||||||||||||||||||||||||||").
             The game lasted 00:05:00 (458 turns).

tyranidshit the Fighter (Demonspawn Abyssal Knight)  Turns: 458, Time: 00:05:02

Health: -10/79     AC: 18    Str: 17    XL:     8   Next: 36%
Magic:  11/11      EV:  8    Int: 13    God:    Lugonu [*****.]
Gold:   0          SH:  0    Dex: 14    Spells: 7/7 levels left

rFire    + . .     SeeInvis .   o - +3 war axe (chop)
rCold    + . .     Gourm    .   (no shield)
rNeg     . . .     Faith    .   n - +0 plate armour
rPois    +         Spirit   .   l - +0 helmet
rElec    +         Reflect  .   (no cloak)
rCorr    +         Harm     .   m - +0 pair of gloves
MR       .....     NoTele   +   (no boots)
Stlth    ..........             (no amulet)
HPRegen  0.23/turn              p - +3 ring of strength
MPRegen  0.12/turn              q - +2 ring of evasion

@: resistant, hasted, very quick
A: claws 1, hooves 2, powered by death 1
a: Bend Space, Banish, Corrupt, Renounce Religion


You were in the Dungeon.
You worshipped Lugonu.
Lugonu was extremely pleased with you.
You were not hungry.

You visited 1 branch

Inventory:

Hand Weapons
 a - a +1 hand axe
 o - a +3 war axe of chopping (weapon)
 r - a +2 halberd of protection
Armour
 b - a +0 leather armour
 l - a +0 helmet (worn)
 m - a +0 pair of gloves (worn)
 n - a +0 plate armour (worn)
Jewellery
 p - a +3 ring of strength (left hand)
 q - a +2 ring of evasion (right hand)
Wands
 k - a wand of acid (10)
Scrolls
 h - 3 scrolls of remove curse
 i - 2 scrolls of blinking
 j - 2 scrolls of amnesia
 v - 4 scrolls of enchant weapon
 w - 2 scrolls of fear
 x - a scroll of identify
Potions
 d - 2 potions of curing
 e - 2 potions of agility
 f - a potion of invisibility
 g - 4 potions of magic
 s - 3 potions of heal wounds
Comestibles
 c - 2 rations


   Skills:
 - Level 13.0 Fighting
 - Level 1.7 Axes
 - Level 11.5 Armour
 - Level 0.8 Dodging
 + Level 4.9 Invocations
 + Level 3.0 Evocations


You had 7 spell levels left.
You didn't know any spells.

Dungeon Overview and Level Annotations

Branches:
Dungeon (1/1)

Altars:
Cheibriados
Dithmenos
Elyvilon
Fedhas
Gozag
Hepliaklqana
Kikubaaqudgha
Makhleb
Nemelex Xobeh
Okawaru
Qazlal
Ru
Sif Muna
Trog
Uskayaw
Vehumet
Wu Jian
Xom
Yredelemnul
Zin
The Shining One
Beogh
Jiyva
Lugonu


Innate Abilities, Weirdness & Mutations

You have sharp fingernails.
You have hoof-like feet.
You regenerate a little health from kills.


Message History

You kick the komodo dragon, but do no damage.
The komodo dragon is moderately wounded.
The komodo dragon barely misses you.
You slash the komodo dragon!
You kick the komodo dragon, but do no damage.
The komodo dragon is heavily wounded.
The komodo dragon bites you.
Your plate armour prevents you from hitting the komodo dragon.
You kick the komodo dragon.
The komodo dragon is heavily wounded.
The komodo dragon bites you!!
The basilisk hisses menacingly.
You slice the komodo dragon!! Your kick misses the komodo dragon.
The komodo dragon is almost dead.
The komodo dragon bites you!!
* * * LOW HITPOINT WARNING * * *
You barely miss the komodo dragon.
The komodo dragon is almost dead.
The komodo dragon bites you!!
You die...

▓.▓.▓.▓
▓.▓.▓.▓
▓.▓.▓)▓
▓.▓.▓.▓
▓'▓.▓.▓
▓_▓.▓.▓
▓_▓.▓.▓
▓_▓.▓.▓
▓_▓.▓@▓
▓_▓.▓l▓
▓_▓.▓F▓
▓_▓.▓l▓
▓_▓.▓S▓
▓_▓.▓h▓
▓_▓.▓S▓
▓_▓.▓k▓
▓_▓.▓


You could see a komodo dragon, a black mamba, a basilisk, a rime drake, a water
moccasin, a wolf and a bullfrog.

Vanquished Creatures
  An ugly thing (D)
  A wyvern (D)
  2 yaks (D)
  A water moccasin (D)
  An ogre (D)
  2 bullfrogs (D)
  3 scorpions (D)
  A crimson imp (D)
  2 worker ants (D)
  An adder zombie (D)
  An orc (D)
  2 bats (D)
  A giant cockroach (D)
  A hobgoblin (D)
  A quokka (D)
  A frilled lizard (D)
  A rat (D)
23 creatures vanquished.

Notes
Turn   | Place    | Note
-------+----------+-------------------------------------------
     0 | D        | tyranidshit the Demonspawn Abyssal Knight began the quest for the Orb.
     0 | D        | Reached XP level 1. HP: 18/18 MP: 2/2
     9 | D        | Reached ** piety under Lugonu
    12 | D        | Reached skill level 4 in Fighting
    34 | D        | Noticed a scorpion
    34 | D        | Noticed a worker ant
    41 | D        | Killed a scorpion
    41 | D        | Reached *** piety under Lugonu
    41 | D        | Reached skill level 7 in Fighting
    41 | D        | Gained mutation: You have sharp fingernails. [demonic ancestry]
    41 | D        | Reached XP level 2. HP: 32/32 MP: 3/3
    41 | D        | Reached XP level 3. HP: 37/37 MP: 4/4
    46 | D        | Reached skill level 8 in Fighting
    46 | D        | Gained mutation: You have large cloven feet. [demonic ancestry]
    46 | D        | Reached XP level 4. HP: 45/45 MP: 5/5
    73 | D        | Found a roughly hewn altar of Beogh.
    73 | D        | Found a snail-covered altar of Cheibriados.
    73 | D        | Found a shadowy altar of Dithmenos.
    73 | D        | Found a white marble altar of Elyvilon.
    73 | D        | Found a blossoming altar of Fedhas.
    73 | D        | Found an opulent altar of Gozag.
    74 | D        | Found a hazy altar of Hepliaklqana.
    75 | D        | Found a viscous altar of Jiyva.
    76 | D        | Found an ancient bone altar of Kikubaaqudgha.
    77 | D        | Found a corrupted altar of Lugonu.
    78 | D        | Found a burning altar of Makhleb.
    79 | D        | Found a sparkling altar of Nemelex Xobeh.
    80 | D        | Found an iron altar of Okawaru.
    81 | D        | Found a stormy altar of Qazlal.
    82 | D        | Found a sacrificial altar of Ru.
    83 | D        | Found a deep blue altar of Sif Muna.
    84 | D        | Found a bloodstained altar of Trog.
    85 | D        | Found a hide-covered altar of Uskayaw.
    86 | D        | Found a radiant altar of Vehumet.
    87 | D        | Found an ornate altar of the Wu Jian Council.
    88 | D        | Found a shimmering altar of Xom.
    89 | D        | Found a basalt altar of Yredelemnul.
    90 | D        | Found a glowing silver altar of Zin.
    91 | D        | Found a glowing golden altar of the Shining One.
   165 | D        | Noticed a bullfrog
   165 | D        | Noticed a yak
   165 | D        | Noticed a wyvern
   169 | D        | Reached **** piety under Lugonu
   171 | D        | Killed a bullfrog
   171 | D        | Reached XP level 5. HP: 37/51 MP: 6/6
   178 | D        | Killed a yak
   178 | D        | Gained mutation: You have hoof-like feet. [demonic ancestry]
   178 | D        | Reached XP level 6. HP: 17/57 MP: 7/7
   187 | D        | Killed a wyvern
   189 | D        | Reached ***** piety under Lugonu
   189 | D        | Gained mutation: You regenerate a little health from kills. [demonic ancestry]
   189 | D        | Reached XP level 7. HP: 28/63 MP: 8/8
   227 | D        | Noticed a green ugly thing
   247 | D        | Killed a green ugly thing
   247 | D        | Reached skill level 11 in Fighting
   249 | D        | Reached skill level 12 in Fighting
   250 | D        | Reached XP level 8. HP: 27/77 MP: 9/9
   269 | D        | Reached skill level 13 in Fighting
   275 | D        | Reached skill level 1 in Evocations
   434 | D        | Noticed a komodo dragon
   437 | D        | Noticed a black mamba
   448 | D        | Noticed a rime drake
   458 | D        | Mangled by a komodo dragon

Skill      XL: |  1  2  3  4  5  6  7  8 |
---------------+-------------------------+-----
Fighting       | 7 8 12 13 | 13.0
Armour         | 7 9 11 | 11.5
Invocations    | 4 |  4.9
Evocations     | 3 |  3.0
Axes           | |  1.7
Dodging        | |  0.8

Action                   |  1- 3 |  4- 6 |  7- 9 || total
-------------------------+-------+-------+-------++-------
Melee: Hand axe          |    23 |     3 |       ||    26
       Halberd           |       |    23 |    40 ||    63
       Kick              |       |    10 |    21 ||    31
       War axe           |       |       |    21 ||    21
  Use: Potion            |     2 |     1 |     8 ||    11
Armor: Leather armour    |     8 |       |       ||     8
       Plate armour      |       |    15 |    48 ||    63
Dodge: Dodged            |    14 |    10 |    23 ||    47
